 Dungeon Crawl Stone Soup version 0.26-a0-812-g31a745ddcd (webtiles) character file.

Game seed: 9302502583376290950

(classic levelgen) 477325 EnegeticOcto the Champion of Chaos (level 23, -1/218 HPs)
             Began as a Deep Dwarf Fighter on Dec 3, 2020.
             Was the Champion of Makhleb.
             Hit by a large rock thrown by a stone giant (10 damage)
             ... on level 5 of the Vaults.
             The game lasted 00:34:26 (36344 turns).

EnegeticOcto the Champion of Chaos (DDFi)          Turns: 36344, Time: 00:34:26

Health: -1/218     AC: 41    Str: 36    XL:     23   Next: 64%
Magic:  13/13      EV: 15    Int:  4    God:    Makhleb [******]
Gold:   1984       SH: 15    Dex: 12    Spells: 41/41 levels left

rFire    + . .     SeeInvis +   K - +7 broad axe (vorpal)
rCold    + + +     Faith    +   c - +0 kite shield
rNeg     + . .     Spirit   .   J - +9 crystal plate armour {ponderous}
rPois    +         Reflect  .   n - +0 helmet
rElec    +         Harm     .   r - +2 cloak {MR+}
rCorr    .         Rampage  .   y - +2 pair of gloves
MR       ++++.                  w - +1 pair of boots "Plog" {+Fly}
Stlth    ..........             L - amulet of Twilight {Faith rElec rC+ Str+6 Int-5}
HPRegen  0.00/turn              x - ring "Pivvomna" {rC+ SInv Stlth-}
MPRegen  0.13/turn              O - ring of the Final Chapter {rPois rF+ rC+, =R}

@: corroded, non-regenerating, slowed, studying Dodging, very slow
A: damage resistance, heal wounds, negative energy resistance 1, sense
surroundings 3, no regeneration
}: 2/15 runes: decaying, barnacled
a: Heal Wounds, Minor Destruction, Lesser Servant of Makhleb, Major Destruction,
Greater Servant of Makhleb, Renounce Religion, Evoke Flight


You were on level 5 of the Vaults.
You worshipped Makhleb.
Makhleb was exalted by your worship.
You visited 7 branches of the dungeon, and saw 41 of its levels.

You collected 9585 gold pieces.
You spent 7601 gold pieces at shops.

Inventory:

Hand Weapons
 F - a +0 demon trident of distortion
 K - a +7 vorpal broad axe (weapon)
Missiles
 E - 5 throwing nets (quivered)
Armour
 c - a +0 kite shield (worn)
 n - a +0 helmet (worn)
 r - a +2 cloak of magic resistance (worn)
 w - the +1 pair of boots "Plog" (worn) {+Fly}
   (You acquired it on level 5 of the Depths)

   It lets you fly.
 y - a +2 pair of gloves (worn)
 J - a +9 crystal plate armour of ponderousness (worn)
Jewellery
 x - the ring "Pivvomna" (left hand) {rC+ SInv Stlth-}
   (You found it on level 8 of the Dungeon)

   [ring of attention]

   It protects you from cold.
   It lets you see invisible.
   It makes you less stealthy.
 G - an uncursed ring of magical power
 L - the amulet of Twilight (around neck) {Faith rElec rC+ Str+6 Int-5}
   (You bought it in a shop on level 5 of the Depths)

   [amulet of faith]

   It allows you to gain divine favour quickly.
   It affects your strength (+6).
   It affects your intelligence (-5).
   It protects you from cold.
   It insulates you from electricity.
 O - the ring of the Final Chapter (right hand) {rPois rF+ rC+, =R}
   (You found it on level 4 of the Lair of Beasts)

   [ring of protection from fire]

   It protects you from fire.
   It protects you from cold.
   It protects you from poison.
 R - an uncursed ring of resist corrosion
Wands
 s - a wand of polymorph (37)
 z - a wand of enslavement (7)
 P - a wand of paralysis (26)
 T - a wand of digging (33) {@v3}
 U - a wand of acid (15) {@v1}
 X - a wand of iceblast (9) {@v2}
Scrolls
 b - 13 scrolls of identify {@r1}
 e - 22 scrolls of teleportation {@r3}
 o - 18 scrolls of remove curse {@r2}
 q - 5 scrolls of fog
 D - 8 scrolls of magic mapping {@r5}
 H - 4 scrolls of blinking
 I - 9 scrolls of immolation {@r4}
 Q - 2 scrolls of holy word
 S - 2 scrolls of summoning
Potions
 a - 2 potions of cancellation
 d - 9 potions of might {@q3}
 f - 19 potions of curing {@q1}
 g - 2 potions of flight
 h - 2 potions of resistance {@q5}
 j - 9 potions of lignification
 k - 4 potions of magic
 l - 10 potions of ambrosia
 m - 2 potions of attraction
 p - 3 potions of berserk rage
 t - 2 potions of mutation
 u - 4 potions of heal wounds {@q2}
 v - 6 potions of haste {@q4}
 C - 4 potions of invisibility
Books
 N - a manual of Dodging
Miscellaneous
 B - a tin of tremorstones (2/2)
 V - a condenser vane (inert)
 W - a box of beasts


   Skills:
 * Level 15.5 Fighting
 - Level 20.0 Axes
 + Level 17.1 Armour
 + Level 15.7 Dodging
 + Level 14.9 Shields
 + Level 9.5 Spellcasting
 * Level 25.4 Invocations
 + Level 12.3 Evocations


You had 41 spell levels left.
You didn't know any spells.
Your spell library was empty.

Dungeon Overview and Level Annotations

Branches:
Dungeon (15/15)            Temple (0/1) D:7            Lair (6/6) D:10
  Swamp (4/4) Lair:2       Shoals (4/4) Lair:4        Slime (0/5) Lair:5
    Orc (2/2) D:10            Elf (0/3) Orc:2        Vaults (5/5) D:14
  Crypt (0/3) Vaults:2     Depths (5/5) D:15            Zot (0/5) Depths:5

Altars:
Ashenzari
Cheibriados
Fedhas
Gozag
Hepliaklqana
Kikubaaqudgha
Makhleb
Okawaru
Qazlal
Sif Muna
Trog
Vehumet
Xom
Yredelemnul
Zin
Beogh
Jiyva
Lugonu

Shops:
D:10 *   D:12 *   D:14 (:   Orc:2 (*([*   Vaults:2 **[::   Depths:2 [
Depths:4 =}}[   Depths:5 ==*(

Portals:
Hell: Depths:1 Depths:2 Depths:3 Depths:4 Depths:5
Abyss: Depths:3 Depths:4 Depths:5
Pandemonium: Depths:3 Depths:4 Depths:5
Ziggurat: Depths:1
Trove: Vaults:4 (show slimy rune of Zot)

Annotations:
D:4 exclusion: door
Lair:3 1 runed translucent door, Cimewiq's ghost, journeyman DECj
Lair:5 exclusion: 2 oklob plants
Swamp:2 Roxanne
Vaults:1 1 transporter
Depths:1 exclusions: daeva and 3 more exclusions


Innate Abilities, Weirdness & Mutations

You are resistant to damage.
You can heal yourself by infusing magical energy.
You resist negative energy. (rN+)
You passively map a large area around you.
You do not regenerate.


Message History

You kill the titan!
Makhleb accepts your kill.
You hit the ancient lich but do no damage.
You slash the frost giant!
The battlesphere is engulfed in freezing vapours.
The ancient lich is engulfed in freezing vapours.
The ancient lich barely misses you.
The vault guard is engulfed in freezing vapours.
The vault guard hits you but does no damage.
The tengu reaver is engulfed in freezing vapours.
The ancient lich touches you but does no damage.
The battlesphere is engulfed in freezing vapours.
The frost giant is engulfed in freezing vapours.
The frost giant gestures at you while chanting.
The bolt of cold hits you. You resist. You block the vault guard's attack.
A stone giant comes into view.
Your crystal plate armour prevents you from hitting the ancient lich.
The ancient lich is moderately damaged.
You slash the ice beast! You hit the frost giant.
The battlesphere is engulfed in freezing vapours. x2
The vault warden is engulfed in freezing vapours.
The vault warden hits you from afar with a +0 bardiche!!
The ancient lich gestures at you while chanting.
You resist with almost no effort. You block the ice beast's attack.
The tengu reaver is engulfed in freezing vapours.
You block the tengu reaver's attack.
The vault guard is engulfed in freezing vapours.
The vault guard hits you but does no damage.
The vault guard is engulfed in freezing vapours.
The vault guard hits you from afar with a +0 glaive.
The vault guard is engulfed in freezing vapours.
The vault guard hits you from afar with a +2 bardiche!
The frost giant is engulfed in freezing vapours.
The frost giant casts a spell at you. The bolt of cold hits you. You resist.
The stone giant throws a large rock.
The large rock hits you but does no damage.
You open the ice beast like a pillowcase!!!
You kill the ice beast!
You hit the frost giant but do no damage.
You barely miss the ancient lich.
The battlesphere is engulfed in freezing vapours.
The ancient lich is engulfed in freezing vapours.
The ancient lich gestures at you while chanting.
The crystal spear hits you!!!!
* * * LOW HITPOINT WARNING * * *
The vault guard is engulfed in freezing vapours.
The vault guard hits you but does no damage.
The battlesphere is engulfed in freezing vapours.
The vault guard is engulfed in freezing vapours.
The vault guard hits you but does no damage.
The ancient lich gestures at you while chanting.
The crystal spear hits you!!
* * * LOW HITPOINT WARNING * * *
The vault guard is engulfed in freezing vapours.
The vault guard hits you but does no damage.
The vault warden is engulfed in freezing vapours.
The vault warden activates a sealing rune.
The tengu reaver is engulfed in freezing vapours.
The tengu reaver points at you and mumbles some strange words.
The bolt of poison hits you but does no damage.
You resist.
The battlesphere is engulfed in freezing vapours.
The frost giant is engulfed in freezing vapours.
The frost giant points at you and mumbles some strange words.
The bolt of cold hits you. You resist.
* * * LOW HITPOINT WARNING * * *
The stone giant throws a large rock.
You block the large rock.
The vault guard is engulfed in freezing vapours.
The vault guard hits you but does no damage.
You are too injured to fight recklessly!
You are too injured to fight recklessly!
You are too injured to fight recklessly!
You are too injured to fight recklessly!
You are too injured to fight recklessly!
You are too injured to fight recklessly!
You are too injured to fight recklessly!
You feel much better.
The battlesphere is engulfed in freezing vapours.
The ancient lich points at you and mumbles some strange words.
The bolt of acid hits you!
* * * LOW HITPOINT WARNING * * *
You are splashed with acid!
* * * LOW HITPOINT WARNING * * *
The battlesphere is engulfed in freezing vapours.
The vault guard is engulfed in freezing vapours.
The vault guard hits you but does no damage.
The vault warden is engulfed in freezing vapours.
You block the vault warden's attack.
The vault guard is engulfed in freezing vapours.
The vault guard hits you but does no damage.
The tengu reaver is engulfed in freezing vapours.
The tengu reaver hits you but does no damage.
The ancient lich is engulfed in freezing vapours.
The ancient lich completely misses you.
The frost giant is engulfed in freezing vapours.
The frost giant hits you with a +0 battleaxe of freezing!!
* * * LOW HITPOINT WARNING * * *
The frost giant freezes you.
The stone giant throws a large rock.
The large rock hits you!
You die...

, ,,, , * , , , , ,
#....###.... , *, ,
.# #....#...... * ,
...#....#.....C ,
*.#.#..§§#.... * ,,
.§§§..§○§§.., * * *
***##§§..§§p§#####
** * ,,,,
.§§§.§°§§§§.... ,,
, , , ,
.....§§@§§§....,,,,
,, ,
,....§CL§Cp§.... ,,
, ,,
,,,,....§ppQp§§....
, ,, * ** *
....§§§§§*##### * *
*§§§......§§., , ,
*§§§.....#§§§# , ,
,* ,,
,§###....#.§§§. , ,
,, , #....#..e#.# ,
* , , *#....#.?....
,,, , ,


You could see an ancient lich (fast, empowered), a frost giant (empowered), a
stone giant, a vault warden, a tengu reaver (empowered), 4 vault guards, an
ettin, a deep elf mage and a battlesphere.

Vanquished Creatures
  Mara (Swamp:3)
  Mennas (Depths:4)
  the Lernaean hydra (Swamp:4)
  Frederick (Depths:3)
  4 golden dragons
  Nikola (Swamp:3)
  Jorgrun (Swamp:3)
  5 liches
  Rupert (Lair:3)
  3 tentacled monstrosities
  Asterion (Depths:3)
  2 titans
  The ghost of MagicUser the Severer, an adept FoFi of Okawaru (Swamp:4)
  A kraken (Shoals:2)
  A quicksilver dragon (Depths:2)
  A thorn hunter (Swamp:3)
  2 sphinxes
  Polyphemus (Shoals:3)
  5 tengu reavers
  2 shadow dragons
  Donald (Shoals:1)
  Ilsuiw (Shoals:3)
  A storm dragon (Depths:3)
  2 fenstrider witches (Swamp:3)
  9 fire giants
  8 vault wardens
  12 frost giants
  Louise (Swamp:4)
  An orc warlord (Orc:2)
  A juggernaut zombie (Depths:3)
  A deep elf sorcerer (Depths:3)
  2 iron dragons
  A deep elf elementalist (Depths:2)
  6 ironheart preservers
  2 draconian stormcallers (Depths:5)
  2 spriggan defenders (Depths:4)
  Aizul (Shoals:1)
  2 entropy weavers (Lair:4)
  17 very ugly things
  2 war gargoyles (Vaults:4)
  21 stone giants
  A deep elf demonologist (Vaults:1)
  6 vampire knights
  3 red draconians (Depths:5)
  2 deep elf annihilators (Vaults:4)
  2 black draconians (Depths:5)
  A white draconian (Depths:5)
  A bunyip (Swamp:3)
  8 eleionomae
  3 spark wasps
  A green death (Depths:5)
  14 ettins
  An eidolon (Vaults:2)
  2 deep elf death magi (Vaults:4)
  7 merfolk javelineers
  12 yaktaur captains
  A crystal guardian (Vaults:4)
  11 fire dragons
  5 merfolk impalers
  A deep elf high priest (Vaults:5)
  A shambling mangrove (Swamp:3)
  Josephine (D:14)
  A great orb of eyes (shapeshifter) (Depths:2)
  7 great orbs of eyes
  Erolcha (D:12)
  23 vault guards
  Fannar (D:12)
  22 hydras
  6 boulder beetles
  14 ice dragons
  4 rakshasas
  6 merfolk aquamancers (Shoals:4)
  A ghost crab (Swamp:4)
  4 merfolk avatars
  3 catoblepae
  2 death knights
  4 alligators
  5 spriggan air magi
  A monstrous demonspawn (Depths:5)
  5 satyrs
  14 ogre magi
  A queen ant (Lair:4)
  3 alligator snapping turtles
  10 centaur warriors
  9 deep troll shamans
  44 two-headed ogres
  An orc high priest (Orc:2)
  11 deep troll earth magi
  6 tengu warriors
  8 death yaks
  3 vampire magi
  5 spriggan berserkers
  4 deep elf knights (Vaults:4)
  3 goliath frogs
  A sun demon (Depths:5)
  10 sea snakes
  A storm dragon skeleton (Vaults:1)
  2 unseen horrors
  2 iron trolls
  3 glowing orange brains
  6 hell knights
  24 deep trolls
  4 flayed ghosts
  8 spriggan druids
  A swamp dragon (shapeshifter) (Depths:1)
  9 wizards
  16 bog bodies
  9 swamp dragons
  4 phantasmal warriors
  22 harpies
  8 deep elf archers
  12 ironbrand convokers
  9 necromancers
  2 wolf spiders
  17 orc knights
  41 ugly things
  2 fire giant zombies
  6 will-o-the-wisps
  A sphinx skeleton (Depths:2)
  A frost giant zombie (Vaults:4)
  A stone giant zombie (Vaults:3)
  4 orc sorcerers
  9 cyclopes
  15 deep elf magi
  16 manticores
  21 fauns
  A salamander (Depths:2)
  4 black mambas
  A black mamba (shapeshifter) (Vaults:3)
  2 water nymphs (shapeshifter)
  A fire giant skeleton (Vaults:3)
  A frost giant skeleton (Depths:3)
  3 merfolk sirens
  A human skeleton (Vaults:4)
  4 water nymphs
  21 elephants
  Maurice (D:9)
  A rust devil (Depths:5)
  11 vault sentinels
  A gargoyle (D:13)
  A smoke demon (Depths:1)
  11 cane toads
  7 rime drakes
  5 komodo dragons
  45 yaktaurs
  A kobold demonologist (D:15)
  A yaktaur skeleton (Vaults:1)
  8 freezing wraiths
  A golden dragon simulacrum (Depths:3)
  3 hellwings
  An ice devil (D:12)
  5 red devils (Depths:1)
  A troll (shapeshifter) (Vaults:2)
  A small abomination (Vaults:5)
  6 tengu conjurers
  3 polar bears (Lair:6)
  7 trolls
  7 wind drakes
  A merfolk (shapeshifter) (Vaults:5)
  24 hornets
  2 meliai (shapeshifter)
  11 merfolk
  3 harpy zombies (Shoals:1)
  A queen bee (D:10)
  A tengu simulacrum (Vaults:3)
  9 tyrant leeches
  18 blink frogs
  5 snapping turtles
  A fire giant simulacrum (Vaults:1)
  11 dream sheep
  36 slime creatures
  An ettin zombie (Vaults:3)
  A snapping turtle (shapeshifter) (Depths:2)
  2 shadows
  A redback (shapeshifter) (Vaults:2)
  2 centaur simulacra
  2 spriggans (shapeshifter)
  32 spriggans
  A vampire (D:14)
  A wyvern (shapeshifter) (D:15)
  7 humans (D:14)
  47 yaks
  15 water elementals
  11 wraiths
  5 wyverns
  A golden eye (shapeshifter) (Depths:4)
  3 fire bats (Orc:1)
  3 basilisks
  2 elf simulacra
  6 vampire mosquitoes
  5 wargs
  15 swamp worms
  3 acid dragons
  8 soldier ants (Lair:4)
  13 water moccasins
  3 hell hounds (Depths:1)
  47 orc warriors
  2 human zombies (Vaults:3)
  A manticore zombie (Shoals:1)
  An eye of draining (shapeshifter) (Vaults:3)
  4 swamp drakes
  7 ice beasts
  10 black bears
  An elf zombie (Vaults:1)
  7 sky beasts
  A necrophage (D:6)
  34 wolves
  37 ogres
  3 phantoms
  A boggart (shapeshifter) (D:8)
  An eye of draining (D:15)
  18 boggarts
  8 centaurs
  3 big kobolds
  12 bullfrogs
  2 wyvern skeletons
  10 scorpions
  36 killer bees
  3 wights (D:10)
  An electric eel (Lair:2)
  6 howler monkeys
  5 crimson imps
  3 bullfrog zombies
  3 centaur zombies
  3 quasits
  2 bullfrog skeletons
  2 human simulacra
  35 orc wizards
  25 orc priests
  12 hounds
  An iron imp (Depths:5)
  6 jellies
  4 centaur skeletons
  2 iguanas
  27 worker ants
  2 hound skeletons
  A howler monkey zombie (D:9)
  6 adders
  4 gnolls (D:9)
  A shadow imp (D:5)
  A white imp (D:8)
  4 ufetubi
  4 oozes
  2 adder skeletons
  A worm (D:2)
  3 dart slugs
  8 leopard geckos
  112 orcs
  A bat zombie (Shoals:1)
  6 giant cockroaches
  7 goblins
  7 hobgoblins
  18 jackals
  18 kobolds
  3 quokkas
  2 ball pythons
  6 bats
  9 frilled lizards
  A jackal zombie (D:5)
  A quokka skeleton (D:5)
  A quokka zombie (D:6)
  A rat (D:1)
  A crawling corpse (Vaults:5)
  6 tentacles
1836 creatures vanquished.

Vanquished Creatures (collateral kills)
  A bunyip (Swamp:4)
  5 hydras
  2 alligators (Swamp:4)
  A goliath frog (Swamp:4)
  2 bog bodies (Swamp:4)
  4 swamp dragons (Swamp:4)
  A harpy (Shoals:2)
  2 fauns (Shoals:2)
  A manticore (Shoals:2)
  3 blink frogs (Lair:4)
  A wyvern (Lair:4)
  An acid dragon (D:14)
  A swamp worm (Swamp:4)
  5 swamp drakes
30 creatures vanquished.

Vanquished Creatures (others)
  A kraken (Shoals:4)
  A deep elf sorcerer (Vaults:5)
  A very ugly thing (Vaults:5)
  An eleionoma (Swamp:4)
  A merfolk javelineer (Shoals:4)
  4 vault guards
  A hydra (Swamp:4)
  A deep troll (Depths:3)
  A harpy (Shoals:4)
  A will-o-the-wisp (Swamp:4)
  A freezing wraith (Vaults:5)
  A tengu conjurer (Depths:1)
  A bloated husk (Swamp:4)
  A merfolk (Shoals:4)
  A hornet (Swamp:2)
  A swamp worm (Swamp:4)
  2 swamp drakes
  An orc warrior (D:13)
  An orc (Orc:2)
  A ball python (D:3)
  A kobold (D:12)
  3 briar patches (Swamp:3)
  43 foxfires
  31 fungi
  170 plants
  7 tentacles
279 creatures vanquished.

Grand Total: 2145 creatures vanquished

Notes
Turn   | Place    | Note
-------+----------+-------------------------------------------
     0 | D:1      | EnegeticOcto the Deep Dwarf Fighter began the quest for the
                  | Orb.
     0 | D:1      | Reached XP level 1. HP: 20/20 MP: 1/1
    93 | D:1      | Reached XP level 2. HP: 27/27 MP: 2/2
   242 | D:1      | Reached skill level 1 in Dodging
   250 | D:1      | Reached XP level 3. HP: 33/33 MP: 3/3
   995 | D:2      | Reached XP level 4. HP: 39/42 MP: 4/4
  1463 | D:3      | Found a radiant altar of Vehumet.
  1646 | D:4      | Reached XP level 5. HP: 38/49 MP: 5/5
  1824 | D:4      | Found a shimmering blue altar of Sif Muna.
  1890 | D:4      | Reached XP level 6. HP: 27/56 MP: 6/6
  2139 | D:5      | Entered Level 5 of the Dungeon
  2163 | D:5      | Noticed an ice beast
  2170 | D:5      | Killed an ice beast
  2209 | D:5      | Reached skill level 5 in Axes
  2214 | D:5      | Reached XP level 7. HP: 47/63 MP: 6/6
  2803 | D:5      | Found a burning altar of Makhleb.
  2803 | D:5      | Found an ancient bone altar of Kikubaaqudgha.
  2950 | D:5      | Became a worshipper of Makhleb the Destroyer
  3064 | D:5      | Reached skill level 5 in Shields
  3244 | D:6      | Reached skill level 1 in Invocations
  3245 | D:6      | Reached skill level 5 in Armour
  3323 | D:6      | Reached skill level 2 in Invocations
  3327 | D:6      | Reached XP level 8. HP: 51/72 MP: 6/6
  3406 | D:6      | Found a shimmering altar of Xom.
  3458 | D:6      | Reached skill level 3 in Invocations
  3530 | D:6      | Reached * piety under Makhleb
  3629 | D:6      | Reached skill level 4 in Invocations
  4095 | D:7      | Found a staircase to the Ecumenical Temple.
  4114 | D:7      | Reached skill level 5 in Invocations
  4147 | D:7      | Gained mutation: You passively map the area around you.
                  | [Deep Dwarf growth]
  4147 | D:7      | Reached XP level 9. HP: 67/80 MP: 7/7
  4367 | D:7      | Reached skill level 5 in Fighting
  4528 | D:8      | Reached skill level 5 in Dodging
  4528 | D:8      | Reached skill level 6 in Invocations
  4531 | D:8      | Reached ** piety under Makhleb
  4627 | D:8      | Got a smoking golden ring
  4628 | D:8      | Identified the ring "Pivvomna" {rC+ SInv Stlth-} (You found
                  | it on level 8 of the Dungeon)
  4773 | D:8      | Found a glowing silver altar of Zin.
  4927 | D:8      | Reached skill level 7 in Invocations
  5323 | D:9      | Identified the +0 ring mail of Altruism {Dex+3}
  5332 | D:9      | Reached *** piety under Makhleb
  5339 | D:9      | Reached XP level 10. HP: 87/90 MP: 10/10
  5382 | D:9      | Reached skill level 1 in Evocations
  5471 | D:9      | Noticed Maurice
  5473 | D:9      | Found an iron altar of Okawaru.
  5607 | D:9      | Found a faded altar of an unknown god.
  5607 | D:9      | Found a snail-covered altar of Cheibriados.
  5612 | D:9      | Found a basalt altar of Yredelemnul.
  5614 | D:9      | Found a bloodstained altar of Trog.
  5616 | D:9      | Found an opulent altar of Gozag.
  5698 | D:9      | Reached skill level 8 in Invocations
  5713 | D:9      | Killed Maurice
  5915 | D:9      | Found a burning altar of Makhleb.
  6016 | D:9      | Identified a scroll of acquirement
  6016 | D:9      | Acquired an uncursed amulet of reflection
  6127 | D:10     | Entered Level 10 of the Dungeon
  6127 | D:10     | Noticed an unseen horror
  6160 | D:10     | Killed an unseen horror
  6200 | D:10     | Reached skill level 9 in Invocations
  6240 | D:10     | Reached **** piety under Makhleb
  6252 | D:10     | Found a staircase to the Orcish Mines.
  6334 | D:10     | Found Vubochae's Assorted Antiques.
  6339 | D:10     | Bought a scroll labelled ZUTIDW DOKLALE for 28 gold pieces
  6339 | D:10     | Bought a broad axe for 112 gold pieces
  6403 | D:10     | Noticed a manticore
  6421 | D:10     | Killed a manticore
  6475 | D:10     | Reached XP level 11. HP: 54/97 MP: 13/13
  6590 | D:10     | Found Cheibriados's Comfort Zone.
  6590 | D:10     | Found a snail-covered altar of Cheibriados.
  6628 | D:10     | Reached skill level 10 in Axes
  6701 | D:10     | Found a staircase to the Lair.
  6762 | D:10     | Paralysed by a hornet for 2 turns
  6958 | D:11     | Noticed a brown ugly thing
  6978 | D:11     | Killed a brown ugly thing
  6978 | D:11     | Reached skill level 10 in Invocations
  7127 | D:11     | Found a blossoming altar of Fedhas.
  7259 | D:11     | Reached ***** piety under Makhleb
  7531 | D:11     | Reached skill level 5 in Evocations
  7781 | D:12     | Noticed Erolcha
  7788 | D:12     | Killed Erolcha
  7846 | D:12     | Found Niteysch's General Store.
  8190 | D:12     | Noticed Fannar
  8259 | D:12     | Killed Fannar
  8864 | D:13     | Reached skill level 11 in Invocations
  8913 | D:13     | Reached XP level 12. HP: 109/109 MP: 15/15
  9472 | D:14     | Noticed an eight-headed hydra
  9482 | D:14     | Killed a nine-headed hydra
  9683 | D:14     | Reached skill level 12 in Invocations
  9708 | D:14     | Found Ytim Fouxeu's Antique Weapon Shop.
  9738 | D:14     | Noticed a boulder beetle
  9751 | D:14     | Killed a boulder beetle
  9880 | D:14     | Noticed a boulder beetle
  9888 | D:14     | Killed a boulder beetle
  9980 | D:14     | Noticed Josephine
  9993 | D:14     | Killed Josephine
 10038 | D:14     | Killed a vault guard
 10066 | D:14     | Noticed a vault guard
 10096 | D:14     | Killed a vault guard
 10096 | D:14     | Reached XP level 13. HP: 77/117 MP: 15/15
 10245 | D:14     | Found a gate to the Vaults.
 10317 | D:14     | Found Reer's Book Boutique.
 10566 | Orc:1    | Entered Level 1 of the Orcish Mines
 10764 | Orc:1    | Reached ****** piety under Makhleb
 10768 | Orc:1    | Reached skill level 13 in Invocations
 11232 | Orc:2    | Entered Level 2 of the Orcish Mines
 11232 | Orc:2    | Found Tojif's Weapon Shop.
 11286 | Orc:2    | Found a roughly hewn altar of Beogh.
 11355 | Orc:2    | Found a staircase to the Elven Halls.
 11375 | Orc:2    | Found a roughly hewn altar of Beogh.
 11641 | Orc:2    | Found a roughly hewn altar of Beogh.
 11662 | Orc:2    | Found Sorepp's Assorted Antiques.
 11707 | Orc:2    | Noticed an orc warlord
 11718 | Orc:2    | Killed an orc warlord
 11740 | Orc:2    | Found a roughly hewn altar of Beogh.
 11740 | Orc:2    | Found Akhic Rapufa's Antique Weapon Boutique.
 11741 | Orc:2    | Found Geawoy's Antique Armour Shop.
 12074 | Orc:2    | Found a roughly hewn altar of Beogh.
 12175 | Orc:2    | Found a roughly hewn altar of Beogh.
 12188 | Orc:2    | Found Huwinoxe's General Store.
 12355 | D:10     | Bought a scroll of acquirement for 1456 gold pieces
 12355 | D:10     | Acquired 465 gold pieces
 12395 | Lair:1   | Entered Level 1 of the Lair of Beasts
 12720 | Lair:1   | Reached skill level 10 in Shields
 13272 | Lair:2   | Reached skill level 10 in Armour
 13341 | Lair:2   | Reached skill level 14 in Invocations
 13496 | Lair:2   | Gained mutation: You resist negative energy. (rN+) [Deep
                  | Dwarf growth]
 13496 | Lair:2   | Reached XP level 14. HP: 127/127 MP: 17/17
 13534 | Lair:2   | Noticed Sonja
 13535 | Lair:2   | Noticed Sonja
 13535 | Lair:2   | Sonja changed into Sonja the hornet
 13544 | Lair:2   | Killed Sonja the hornet
 13555 | Lair:2   | You fall into a shaft and drop 2 floors!
 13799 | Lair:4   | Noticed an entropy weaver
 13799 | Lair:4   | Noticed an entropy weaver
 13809 | Lair:4   | Killed an entropy weaver
 13812 | Lair:4   | Killed an entropy weaver
 13944 | Lair:4   | Found a staircase to the Shoals.
 14050 | Lair:4   | Got a serpentine gossamer ring
 14207 | Lair:4   | Identified the ring of the Final Chapter {rPois rF+ rC+}
                  | (You found it on level 4 of the Lair of Beasts)
 14474 | Lair:3   | Found a runed translucent door.
 14477 | Lair:3   | Identified the +5 spear "Dragon's Tongue" {protect, Int+4
                  | Dex+4}
 14487 | Lair:3   | Noticed Cimewiq's ghost (journeyman DECj)
 14569 | Lair:3   | Acquired 831 gold pieces
 14677 | D:10     | Bought a +4 crystal plate armour of ponderousness for 1078
                  | gold pieces
 14898 | Lair:2   | Found a staircase to the Swamp.
 15324 | Lair:3   | Noticed Rupert
 15357 | Lair:3   | Killed Rupert
 15722 | Lair:5   | Reached skill level 10 in Dodging
 15792 | Lair:5   | Reached skill level 15 in Invocations
 15890 | Lair:5   | Found a runed translucent door.
 15899 | Lair:5   | Reached skill level 10 in Evocations
 15900 | Lair:5   | Found a viscous altar of Jiyva.
 15960 | Lair:5   | Found a staircase to the Slime Pits.
 16321 | Lair:6   | Entered Level 6 of the Lair of Beasts
 16472 | Lair:6   | Reached XP level 15. HP: 135/135 MP: 18/18
 17071 | Lair:6   | Reached skill level 16 in Invocations
 17729 | D:15     | Entered Level 15 of the Dungeon
 17766 | D:15     | Found a staircase to the Depths.
 17766 | D:15     | Noticed a fire giant
 17777 | D:15     | Killed a fire giant
 17803 | D:15     | Reached skill level 15 in Axes
 17856 | D:15     | Found a large runed translucent door.
 17865 | D:15     | Found a large runed translucent door.
 18433 | D:15     | Noticed a tengu reaver
 18520 | D:15     | Killed a tengu reaver
 18543 | D:15     | Found a broken altar of Ashenzari.
 18546 | D:15     | Found an iron altar of Okawaru.
 18714 | Shoals:1 | Entered Level 1 of the Shoals
 18762 | Shoals:1 | Reached skill level 10 in Fighting
 18825 | Shoals:1 | Noticed Donald
 18845 | Shoals:1 | Killed Donald
 18946 | Swamp:1  | Entered Level 1 of the Swamp
 19031 | Swamp:1  | Reached skill level 17 in Invocations
 19031 | Swamp:1  | Reached XP level 16. HP: 119/146 MP: 19/19
 19882 | Swamp:2  | Noticed Roxanne
 19989 | Swamp:2  | Found a stormy altar of Qazlal.
 20178 | Swamp:3  | Noticed Mara
 20184 | Swamp:3  | Noticed EnegeticOcto's illusion
 20314 | Swamp:3  | Noticed EnegeticOcto's illusion
 20316 | Swamp:3  | Noticed a thorn hunter
 20366 | Swamp:3  | Killed a thorn hunter
 20388 | Swamp:3  | Killed Mara
 20414 | Swamp:3  | Reached skill level 18 in Invocations
 20430 | Swamp:3  | Noticed Nikola
 20448 | Swamp:3  | Noticed Jorgrun
 20455 | Swamp:3  | Killed Nikola
 20478 | Swamp:3  | Killed Jorgrun
 20821 | Swamp:3  | Reached XP level 17. HP: 139/156 MP: 14/14
 21073 | Swamp:4  | Entered Level 4 of the Swamp
 21214 | Swamp:4  | Noticed the 27-headed Lernaean hydra
 21219 | Swamp:4  | Killed the 26-headed Lernaean hydra
 21242 | Swamp:4  | Got a decaying rune of Zot
 21446 | Swamp:4  | Reached skill level 19 in Invocations
 21482 | Swamp:4  | Found a runed translucent door.
 21482 | Swamp:4  | Noticed MagicUser's ghost (adept FoFi)
 21589 | Swamp:4  | Noticed Louise
 21604 | Swamp:4  | Killed Louise
 21675 | Swamp:4  | Found an ancient bone altar of Kikubaaqudgha.
 21933 | Swamp:4  | Killed MagicUser's ghost
 22218 | Shoals:1 | Noticed Aizul
 22267 | Shoals:1 | Killed Aizul
 22620 | Shoals:2 | Reached skill level 1 in Spellcasting
 22846 | Shoals:2 | Found a hazy altar of Hepliaklqana.
 22898 | Shoals:2 | Noticed a kraken
 22911 | Shoals:2 | Killed a kraken
 22946 | Shoals:2 | Got a translucent copper ring
 23085 | Shoals:2 | Identified the ring of Xom's Flight of Fancy {rPois Str-5
                  | Int+5} (You found it on level 2 of the Shoals)
 23197 | Shoals:3 | Gained mutation: You passively map a large area around you.
                  | [Deep Dwarf growth]
 23197 | Shoals:3 | Reached XP level 18. HP: 165/165 MP: 9/9
 23265 | Shoals:3 | Noticed Polyphemus
 23288 | Shoals:3 | Killed Polyphemus
 23395 | Shoals:3 | Noticed Ilsuiw
 23431 | Shoals:3 | Killed Ilsuiw
 23550 | Shoals:3 | Reached skill level 20 in Invocations
 23926 | Shoals:4 | Entered Level 4 of the Shoals
 24013 | Shoals:4 | Identified the +8 broad axe "Padgh" {vamp, rC+ Dex+3}
 24239 | Shoals:4 | Got a barnacled rune of Zot
 24444 | Shoals:4 | Got a translucent copper amulet
 24562 | Shoals:4 | Identified the amulet "Monom" {Spirit rF+ rC+ Str-4 Slay+2}
                  | (You found it on level 4 of the Shoals)
 24960 | Vaults:1 | Entered Level 1 of the Vaults
 25427 | Vaults:1 | Reached XP level 19. HP: 175/175 MP: 10/10
 25476 | Vaults:1 | Identified the +4 plate armour "Zarath" {Int+9 Dex-2} (You
                  | found it on level 1 of the Vaults)
 26089 | Vaults:1 | Found a transporter.
 26195 | Vaults:2 | Found Kompyax's Assorted Antiques.
 26195 | Vaults:2 | Found a ruined gateway.
 26201 | Vaults:2 | Bought a scroll labelled GAIDUU OTAUTS for 24 gold pieces
 26333 | Vaults:2 | Reached skill level 21 in Invocations
 26484 | Vaults:2 | You fall into a shaft and drop 2 floors!
 26546 | Vaults:4 | Found a portal to a secret trove of treasure.
 26752 | Vaults:4 | Identified the +4 war axe of Baytats {freeze, *Rage Int+6
                  | Dex+4} (You found it on level 4 of the Vaults)
 26819 | Vaults:4 | Reached skill level 5 in Spellcasting
 27409 | Vaults:4 | Reached XP level 20. HP: 186/186 MP: 11/11
 27812 | Vaults:3 | Reached skill level 22 in Invocations
 28052 | Vaults:3 | Found a broken altar of Ashenzari.
 29151 | Vaults:2 | Reached skill level 15 in Armour
 29324 | Vaults:2 | Found Poynaip's Book Boutique.
 29445 | Vaults:2 | Found Warudo's Armour Boutique.
 29623 | Vaults:2 | Found Sitotwut's General Store.
 29631 | Vaults:2 | Bought a potion of curing for 48 gold pieces
 29631 | Vaults:2 | Bought a scroll of enchant armour for 120 gold pieces
 29649 | Vaults:2 | Found Neviofil's Book Boutique.
 30000 | Vaults:2 | Found a staircase to the Crypt.
 30317 | Depths:1 | Entered Level 1 of the Depths
 30448 | Depths:1 | Reached XP level 21. HP: 193/194 MP: 13/13
 30539 | Depths:1 | Reached skill level 23 in Invocations
 30600 | Depths:1 | Found a gateway to Hell.
 30823 | Depths:1 | Found a gateway to a ziggurat.
 31495 | Depths:2 | Found Iboumia's Armour Shoppe.
 32243 | Depths:2 | Reached skill level 24 in Invocations
 32361 | Depths:2 | Noticed a golden dragon
 32367 | Depths:2 | Killed a golden dragon
 32701 | Depths:3 | Noticed Asterion
 32708 | Depths:3 | Killed Asterion
 32708 | Depths:3 | Reached XP level 22. HP: 203/206 MP: 15/15
 32731 | Depths:3 | Found a one-way gate to the infinite horrors of the Abyss.
 32769 | Depths:3 | Found a one-way gate leading to the halls of Pandemonium.
 32879 | Depths:3 | Identified the +4 quarterstaff "Jellyslayer" {holy, rPois
                  | rN+ Int+3 Dex-2}
 32882 | Depths:3 | Noticed Frederick
 32915 | Depths:3 | Noticed a golden dragon
 32932 | Depths:3 | Killed a golden dragon
 32940 | Depths:3 | Killed Frederick
 34254 | Depths:4 | Noticed Mennas
 34278 | Depths:4 | Killed Mennas
 34278 | Depths:4 | Reached XP level 23. HP: 169/216 MP: 13/13
 34483 | Depths:4 | Reached skill level 15 in Fighting
 34534 | Depths:4 | Reached skill level 15 in Dodging
 34598 | Depths:4 | Found Qiunkexe's Antique Armour Boutique.
 34671 | Depths:4 | Found Kauhy's Jewellery Emporium.
 34672 | Depths:4 | Found Kuusish's Gadget Boutique.
 34672 | Depths:4 | Found Hopel's Gadget Boutique.
 34799 | Depths:4 | Bought a pair of boots for 238 gold pieces
 34944 | Depths:4 | Bought a tin of tremorstones (2/2) for 680 gold pieces
 34944 | Depths:4 | Bought a wand of digging (6) for 340 gold pieces
 34951 | Depths:4 | Bought a wand of digging (4) for 240 gold pieces
 34951 | Depths:4 | Bought a wand of digging (5) for 270 gold pieces
 34964 | Depths:5 | Entered Level 5 of the Depths
 34964 | Depths:5 | Found Gopsyfer's Jewellery Shop.
 34981 | Depths:5 | Reached skill level 25 in Invocations
 34987 | Depths:5 | Bought the amulet of Twilight {Faith rElec rC+ Str+6 Int-5}
                  | for 1198 gold pieces
 35003 | Depths:5 | Found a broken altar of Ashenzari.
 35053 | Depths:5 | Found a corrupted altar of Lugonu.
 35105 | Depths:5 | Acquired the +1 pair of boots "Plog" {+Fly}
 35106 | Depths:5 | Acquired 1025 gold pieces
 35185 | Depths:5 | Found a gate to the Realm of Zot.
 35236 | Depths:5 | Found Uklim's Jewellery Shoppe.
 35255 | Depths:5 | Found Usiloxa's Antique Weapon Shoppe.
 35341 | Depths:5 | Identified the +10 war axe "Hotoup" {flame, rElec rC+} (You
                  | found it on level 5 of the Depths)
 35684 | Depths:5 | Found Vomyn's Assorted Antiques.
 35690 | Depths:5 | Bought a scroll of acquirement for 1508 gold pieces
 35690 | Depths:5 | Bought a scroll of teleportation for 87 gold pieces
 35690 | Depths:5 | Bought a potion of curing for 87 gold pieces
 35690 | Depths:5 | Bought a potion of curing for 87 gold pieces
 35690 | Depths:5 | Acquired 896 gold pieces
 36300 | Vaults:5 | Entered Level 5 of the Vaults
 36327 | Vaults:5 | Noticed an ancient lich
 36343 | Vaults:5 | HP: 10/218 [frost giant/bolt of cold (2)]
 36344 | Vaults:5 | Hit by a large rock thrown by a stone giant

Illustrated notes

Levels and vault maps discovered:
D:1:      scummos_arrival_checkerplants, layout_basic, chequers_arboretum,
          minmay_misc_feat_five
D:2:      layout_loops_ring, grunt_ministairs_5
D:3:      layout_rooms, fiery_altar_vehumet, chequers_ecumenical_altar_grove
D:4:      minmay_evil_eye, layout_basic, led_sif_book, kennysheep_minor_cross
D:5:      layout_basic, gammafunk_temple_overflow_wave,
          kennysheep_generic_room_11
D:6:      cheibrodos_quashed, layout_loops_ring, xom_teletrap_fun,
          serial_park_tiny_1
D:7:      layout_basic, minmay_temple_entry_arrows, grunt_decor_arrowhead,
          minmay_misc_feat_encased
D:8:      layout_basic, marbit_many_paths, hex_intersection
D:9:      layout_roguey, chequers_temple_overflow_minitemple,
          okawaru_ov_weapons_minmay, minivault_16, minivault_4,
          david_defended_altar_elf, uniq_maurice
D:10:     layout_roguey [special_room_bee], lair_entry_dummy, hiddenorc1_lemuel,
          serial_shops, kennysheep_mini, minmay_shop_chei
D:11:     layout_basic, basic_altar
D:12:     kennysheep_demon_hangout, layout_basic, serial_shops,
          kennysheep_mini_moat, uniq_fannar, uniq_erolcha
D:13:     layout_cave_pools
D:14:     layout_irregular_city, ximxim_vaults_locker_room,
          chequers_serial_rivers_small_a, serial_shops, nicolae_shop_waterfront,
          kennysheep_windowed_goal, uniq_josephine
D:15:     grunt_enter_depths_giant_problem, layout_stronghold,
          jmf_multi_god_temple2
Lair:1:   layout_loops_ring
Lair:2:   layout_small_grid, nicolae_swamp_entry_splash_gauntlet,
          infiniplex_staircase_pool, uniq_sonja
Lair:3:   layout_loops_ring, ebering_ghost_funeral_grove,
          chequers_serial_rivers_micro_a, nicolae_quartered_pool_super,
          beast_lair_carwin_1, uniq_rupert
Lair:4:   layout_gridlike, shoals_dummy_entry, minmay_another_anthill,
          lemuel_fruit_fields
Lair:5:   layout_loops_ring, slime_altar_2, lemuel_fruit_fields,
          grunt_megastairs_4, minmay_lair_oklob_chamber
Lair:6:   minmay_lair_end_enchanted_forest, layout_long_grid,
          serial_bayou_crossing, infiniplex_staircase_pool_2,
          grunt_megastairs_3, lemuel_fruit_tree
Swamp:1:  layout_falls_marsh, nicolae_swamp_very_dense_foliage, swamp_pool4
Swamp:2:  layout_basic_swamp, basic_altar, uniq_roxanne
Swamp:3:  layout_basic_swamp, evilmike_swamp_ruin_rubble_1, swamp_pool1,
          st_swamp_ruins_3, uniq_mara, uniq_nikola, uniq_jorgrun
Swamp:4:  grunt_swamp_rune_castle, layout_basic_swamp, gammafunk_ghost_grave,
          swamp_pool2, grunt_ruined_hall, uniq_louise
Shoals:1: layout_shoals, nicolae_shoals_undead_eyrie, uniq_aizul, uniq_donald
Shoals:2: layout_shoals, lemuel_altar_in_water
Shoals:3: layout_shoals, uniq_polyphemus, uniq_ilsuiw
Shoals:4: shoals_end_grunt_garden, layout_shoals, shoal_ilsuiw
Orc:1:    nicolae_orc_accident_1, layout_caves, nicolae_orc_lava_tube
Orc:2:    grunt_orc_community_town_hall, layout_caves,
          grunt_orc_community_big_house_2, grunt_orc_community_big_house_2,
          grunt_orc_community_house_3, grunt_orc_community_house_1,
          grunt_orc_community_house_2, grunt_orc_community_house_3,
          serial_shops, nicolae_shop_stone
Vaults:1: emtedronai_trogs_sanctum, ontoclasm_vaults_loading_screen,
          vaults_room_pools, nicolae_vaults_little_ls, grunt_vaults_swirl,
          hangedman_vaults_pinch, nicolae_vaults_big_angled_halls,
          vaults_dpeg_ring, grunt_vaults_hallway_short, vaults_room_pool,
          layout_vaults_omnicross
Vaults:2: minmay_crypt_entry_simple_sparse, v_rooms_6, ontoclasm_vaults_gallery,
          vaults_room_fours, hangedman_vaults_hat, nicolae_vaults_theta,
          vaults_room_pool, ontoclasm_vaults_misaligned,
          layout_vaults_quadrants, serial_shops, shop, nicolae_shop_stone,
          nicolae_shop_temple_entry_statues_fountains,
          nicolae_shop_overgrown_old_shop, shop,
          portal_desolation_entry_nicolae_slug
Vaults:3: v_misc_2, hangedman_vaults_nodes, v_pattern_3,
          hangedman_vaults_restitches, v_misc_5,
          nicolae_vaults_windows_and_doors_thing,
          nicolae_vaults_little_squares_3, vaults_dpeg_hooks, v_alt_pattern_4,
          vaults_room_hallway, nicolae_vaults_diagonal_hallway_6,
          nicolae_vaults_little_squares_1, layout_vaults_chaotic_city,
          basic_altar
Vaults:4: v_pattern_1, ontoclasm_vaults_twist,
          hangedman_vaults_hard_town_square, hangedman_vaults_corner_blocks,
          hangedman_vaults_variations, nicolae_vaults_network_square,
          vaults_mumra_minichess_inversion, vaults_mumra_hexcomb,
          ontoclasm_vaults_ring_square, v_misc_3, layout_vaults_maze_snakey,
          enter_trove_2
Vaults:5
Depths:1: kennysheep_room_grid, layout_basic, enter_ziggurat_d, hellmouth_3,
          chequers_serial_rivers_marsh, hangedman_decor_lopped,
          serial_bayou_pond_d, lemuel_flame_loot_1
Depths:2: nicolae_legendary_halls, layout_gridville, serial_shops, shop,
          hell_entry, grunt_decor_junction, minmay_staircase_bubble
Depths:3: minmay_the_grid_square_5x5_4x4_mashed
          [minmay_the_grid_square_5x5_misaligned,
          minmay_the_grid_square_5x5_fat_x,
          minmay_the_grid_square_5x5_inverted_slash,
          minmay_the_grid_square_5x5_dogpile,
          minmay_the_grid_square_5x5_sharp_hourglass,
          minmay_the_grid_square_5x5_prize_gold,
          minmay_the_grid_square_5x5_prize_deathbox,
          minmay_the_grid_square_5x5_percent,
          minmay_the_grid_square_5x5_doubleslash,
          minmay_the_grid_square_5x5_prize_rear_guard,
          minmay_the_grid_square_5x5_prize_open,
          minmay_the_grid_square_5x5_forky, minmay_the_grid_square_5x5_spiral,
          minmay_the_grid_square_5x5_two_walls_b,
          minmay_the_grid_square_5x5_almost_minimal,
          minmay_the_grid_square_5x5_three_walls], layout_gridlike, pan_entry,
          nicolae_abyss_entry_one_way_or_another, hell_entry,
          hangedman_abyss_or_decor_stagger, kennysheep_generic_room_14,
          grunt_megastairs_5, uniq_asterion, uniq_frederick
Depths:4: minmay_connected_boxes_in_corner, layout_gridville, abyss_entry,
          serial_shops, nicolae_shop_window_shopping, hell_entry, pan_entry,
          chequers_serial_rivers_room_a, minmay_shop_grove,
          infiniplex_staircase_river, serial_bayou_shore_a,
          serial_bayou_shore_b, uniq_mennas
Depths:5: grunt_x_marks_the_spot, layout_small_grid, grunt_hell_entry_dis_old,
          abyss_entry_flame_altar, ashenzari_altar_1, rand_demon_pan_entry_7,
          serial_shops, shop, shop, nicolae_shop_trees, nicolae_shop_crystal,
          minmay_microvault

Skill      XL: |  1  2  3  4  5  6  7  8  9 10 11 12 13 14 15 16 17 18 19 20 21 22 23 |
---------------+----------------------------------------------------------------------+-----
Dodging        | 1 2 3 4 5 6 7 8 9 10 11 12 13 14 15 | 15.7
Axes           | 3 4 5 6 7 8 9 11 12 13 14 15 16 17 18 19 20 | 20.0
Fighting       | 3 4 5 6 7 8 9 10 11 12 13 14 15 | 15.5
Armour         | 4 5 6 7 8 9 10 11 12 13 14 15 16 17 | 17.1
Shields        | 4 5 6 7 8 9 10 11 12 13 14 | 14.9
Invocations    | 2 5 7 9 11 12 14 15 17 18 19 20 21 22 24 25 | 25.4
Evocations     | 3 5 7 8 10 11 12 | 12.3
Spellcasting   | 1 3 5 6 8 9 |  9.5

Action                   |  1- 3 |  4- 6 |  7- 9 | 10-12 | 13-15 | 16-18 | 19-21 | 22-24 || total
-------------------------+-------+-------+-------+-------+-------+-------+-------+-------++-------
Melee: War axe           |   131 |   120 |   503 |   164 |       |       |       |       ||   918
       Broad axe         |       |       |       |   779 |   836 |   177 |  1683 |   737 ||  4212
       Battleaxe         |       |       |       |       |   682 |  1127 |       |       ||  1809
Invok: Lesser Servant of |       |       |       |     2 |     4 |    14 |       |     1 ||    21
       Greater Servant o |       |       |       |       |       |     6 |       |     1 ||     7
 Abil: Heal Wounds       |     1 |     3 |     8 |    11 |    17 |    62 |       |     9 ||   111
Evoke: Condenser vane    |       |       |       |     1 |     4 |     7 |       |     4 ||    16
       Wand              |       |       |       |     8 |     1 |     1 |     2 |     1 ||    13
       Box of beasts     |       |       |       |       |       |       |       |     1 ||     1
  Use: Scroll            |       |       |    19 |     6 |    11 |     7 |     7 |    12 ||    62
       Potion            |       |       |       |       |     1 |     3 |       |       ||     4
 Stab: Confused          |       |       |       |     3 |     1 |       |       |       ||     4
       Distracted        |       |       |       |     1 |       |     5 |       |     1 ||     7
       Petrified         |       |       |       |       |    14 |     7 |       |       ||    21
       Petrifying        |       |       |       |       |     3 |       |       |       ||     3
Armor: Scale mail        |    68 |    71 |    54 |       |       |       |       |       ||   193
       Chain mail        |       |       |   197 |   259 |    10 |       |       |       ||   466
       Plate armour      |       |       |       |   275 |   407 |       |       |       ||   682
       Crystal plate arm |       |       |       |       |   661 |  1887 |   751 |   533 ||  3832
Dodge: Dodged            |    51 |    50 |   166 |   365 |   724 |  1012 |   451 |   338 ||  3157
Block: Kite shield       |    77 |    87 |   267 |   988 |   880 |   166 |  1367 |   698 ||  4530
       Reflection        |       |       |       |    14 |    12 |    38 |   112 |     8 ||   184
       Other             |       |       |       |       |   200 |   453 |       |       ||   653

Table legend: (Time is in decaauts)
 A = Elapsed time spent in this place.
 B = Non-inter-level travel time spent in this place.
 C = Inter-level travel time spent in this place.
 D = Time resting spent in this place.
 E = Time spent auto-exploring this place.
 F = Levels seen in this place.
 G = Mean time per level.
                   A        B        C        D        E       F      G
               +--------+--------+--------+--------+--------+-----+--------+
         Total |  38199 |  35125 |   3074 |    546 |  24200 |  41 |  931.7 |
       Dungeon |  12524 |  11193 |   1331 |    225 |   7637 |  15 |  834.9 |
          Lair |   5723 |   5125 |    598 |      0 |   3710 |   6 |  953.8 |
         Swamp |   3403 |   3275 |    128 |    205 |   2036 |   4 |  850.8 |
        Shoals |   3385 |   3131 |    254 |      4 |   2238 |   4 |  846.2 |
  Orcish Mines |   1776 |   1676 |    100 |     12 |   1103 |   2 |  888.0 |
        Vaults |   5580 |   5281 |    299 |      0 |   3686 |   5 | 1116.0 |
        Depths |   5805 |   5443 |    362 |    100 |   3787 |   5 | 1161.0 |
               +--------+--------+--------+--------+--------+-----+--------+

Top non-repeatable levels by time:
Vaults:2: 1515 daAuts
Vaults:3: 1453 daAuts
  Lair:6: 1339 daAuts
Vaults:1: 1334 daAuts
    D:14: 1278 daAuts
Depths:1: 1245 daAuts
Vaults:4: 1238 daAuts
Depths:3: 1197 daAuts
    D:12: 1188 daAuts
Depths:4: 1178 daAuts
Depths:2: 1161 daAuts
     D:5: 1148 daAuts
    D:10: 1116 daAuts
  Lair:2: 1065 daAuts
  Lair:3: 1051 daAuts
